 Dungeon Crawl Stone Soup version 0.23-a0-181-g24f899a (webtiles) character file.

665 namelastname112 the Cutter (level 7, 49/60 HPs)
             Began as a Purple Draconian Assassin on Sept 19, 2018.
             Was an Initiate of Dithmenos.
             Quit the game on level 5 of the Dungeon.
             The game lasted 00:06:07 (3446 turns).

namelastname112 the Cutter (DrAs)                   Turns: 3446, Time: 00:06:08

Health: 49/60      AC:  9    Str: 13    XL:     7   Next: 31%
Magic:  7/7        EV: 13    Int: 11    God:    Dithmenos [......]
Gold:   239        SH:  0    Dex: 15    Spells: 6/6 levels left

rFire    . . .     SeeInvis .   a - +2 dagger
rCold    . . .     Gourm    .   (no shield)
rNeg     . . .     Faith    .   (armour unavailable)
rPois    .         Spirit   .   (helmet restricted)
rElec    .         Reflect  .   z - +2 cloak
rCorr    .         Harm     .   (no gloves)
MR       +....                  (no boots)
Stlth    ++........             y - amulet of the acrobat
HPRegen  0.20/turn              p - ring of attention (curse)
MPRegen  0.10/turn              q - ring of flight

@: no status effects
A: breathe power, unfitting armour, cold-blooded, AC +6
a: Breathe Dispelling Energy, Renounce Religion, Evoke Flight


You were on level 5 of the Dungeon.
You worshipped Dithmenos.
Dithmenos was noncommittal.
You were not hungry.

You visited 1 branch of the dungeon, and saw 5 of its levels.

You collected 239 gold pieces.

Inventory:

Hand Weapons
 a - a +2 dagger (weapon)
 b - a +1 blowgun
Missiles
 d - 25 poisoned needles
 e - 2 curare-tipped needles
 v - a throwing net (quivered)
Armour
 z - a +2 cloak (worn)
Jewellery
 h - a +3 ring of strength
 m - an uncursed amulet of guardian spirit
 p - a cursed ring of attention (left hand)
 q - a ring of flight (right hand)
 y - an amulet of the acrobat (around neck)
Scrolls
 l - 2 scrolls of remove curse
 r - a scroll of fear
 s - 2 scrolls of teleportation
 u - 2 scrolls of enchant weapon
 x - 3 scrolls of enchant armour
Potions
 c - a potion of agility
 g - a potion of berserk rage {unknown}
 i - 2 potions of brilliance {unknown}
 j - a potion of mutation {unknown}
 k - 2 potions of ambrosia {unknown}
 n - 2 potions of curing {unknown}
 o - a potion of resistance {unknown}
 t - a potion of haste {unknown}
 A - a potion of lignification
 B - a potion of magic {unknown}
Comestibles
 f - 9 rations
 C - a chunk of flesh


   Skills:
 + Level 4.4 Fighting
 * Level 5.3 Short Blades
 - Level 1.7 Throwing
 + Level 3.1 Dodging
 + Level 5.1 Stealth


You had 6 spell levels left.
You didn't know any spells.
Your spell library was empty.

Dungeon Overview and Level Annotations

Branches:
Dungeon (5/15)             Temple (0/1) D:4

Altars:
Dithmenos
Hepliaklqana
Wu Jian


Innate Abilities, Weirdness & Mutations

You can breathe bolts of dispelling energy.
Your rich purple scales are hard. (AC +6)
You cannot fit into any form of body armour.
You are cold-blooded and may be slowed by cold attacks.


Message History

You completely miss the jackal. The jackal closely misses you.
You hit the jackal.
The jackal is moderately wounded.
The jackal bites you but does no damage.
The jackal closely misses you.
You miss the jackal.
Your tail-slap misses the jackal.
The jackal bites you.
You hit the jackal. You tail-slap the jackal.
The jackal is almost dead.
The jackal closely misses you.
You hit the jackal.
You kill the jackal!
Dithmenos accepts your kill.
No target in view!
No target in view!
No target in view!
No target in view!
Unknown command.
Wield which item (- for none, * to show all)? (? for menu, Esc to quit)
Okay, then.
Are you sure you want to abandon this character and quit the game? (Confirm

............#
....†.......+
............#
............###+##
...#####.........#
...#
#.........#######
...#
+................
...#
#........†.......
...##
#........@†......
....#
##########†......
....# .......
....# .......
....+ .....#+
....# .....# ....#
.....# ..###
.....# ..#


There were no monsters in sight!

Vanquished Creatures
  Grinder (D:5)
  Sigmund (D:4)
  A scorpion (D:4)
  A quasit (D:4)
  An orc wizard (D:3)
  Crazy Yiuf (D:3)
  A hound skeleton (D:4)
  5 adders
  A shadow imp (D:5)
  An ooze (D:3)
  An adder skeleton (D:4)
  2 worms
  3 dart slugs
  2 leopard geckos
  2 orcs (D:3)
  5 giant cockroaches
  8 goblins
  4 hobgoblins (D:2)
  13 jackals
  2 quokkas
  A ball python skeleton (D:4)
  8 bats
  9 frilled lizards
  6 kobolds
  6 rats
86 creatures vanquished.

Notes
Turn   | Place    | Note
-------+----------+-------------------------------------------
     0 | D:1      | namelastname112 the Draconian Assassin began the quest for
                  | the Orb.
     0 | D:1      | Reached XP level 1. HP: 17/17 MP: 1/1
    53 | D:1      | Reached skill level 1 in Dodging
    86 | D:1      | Reached XP level 2. HP: 25/25 MP: 2/2
   296 | D:1      | Reached XP level 3. HP: 24/30 MP: 3/3
  1245 | D:2      | Reached XP level 4. HP: 34/37 MP: 4/4
  1370 | D:3      | Found a runed door.
  2301 | D:3      | Noticed Crazy Yiuf
  2305 | D:3      | Killed Crazy Yiuf
  2305 | D:3      | Reached XP level 5. HP: 45/45 MP: 5/5
  2410 | D:4      | Found a staircase to the Ecumenical Temple.
  2432 | D:4      | Found a shadowy altar of Dithmenos.
  2444 | D:4      | Became a worshipper of Dithmenos the Shadowed
  2691 | D:4      | Noticed Sigmund
  2739 | D:4      | Killed Sigmund
  2739 | D:4      | Reached XP level 6. HP: 39/52 MP: 6/6
  2770 | D:4      | Found a hazy altar of Hepliaklqana.
  2770 | D:4      | Found an ornate altar of the Wu Jian Council.
  3301 | D:5      | Entered Level 5 of the Dungeon
  3301 | D:5      | Noticed Grinder
  3316 | D:5      | Killed Grinder
  3316 | D:5      | Reached skill level 5 in Short Blades
  3316 | D:5      | Reached skill level 5 in Stealth
  3316 | D:5      | Your scales start taking on a rich purple colour.
  3316 | D:5      | Reached XP level 7. HP: 60/60 MP: 7/7
  3446 | D:5      | Quit the game

Vault maps used:
D:1:      ncdulo_smallfort, minmay_hexomino_u4
D:2:      grunt_ministairs_3
D:3:      uniq_crazy_yiuf_cottage
D:4:      minitemple, old_standard_altar, minmay_temple_entry_hall,
          first_ration, item_on_display_a, uniq_sigmund
D:5:      grunt_temple_overflow_open, serial_shops, nicolae_shop_crystal,
          shop_statue, uniq_ijyb, uniq_grinder

Skill      XL: |  1  2  3  4  5  6 |
---------------+-------------------+-----
Dodging        | 1 2 3 |  3.1
Stealth        | 4 5 |  5.1
Short Blades   | 3 4 5 |  5.3
Fighting       | 3 4 |  4.4
Throwing       | |  1.7

Action                   |  1- 3 |  4- 6 |  7- 9 || total
-------------------------+-------+-------+-------++-------
Melee: Dagger            |   139 |   138 |    39 ||   316
       Tailslap          |     7 |    20 |     6 ||    33
 Fire: Blowgun           |       |    17 |       ||    17
  Use: Scroll            |       |     9 |       ||     9
 Stab: Sleeping          |    11 |     7 |       ||    18
  Eat: Chunk             |     1 |     7 |       ||     8
Armor: Skin              |    49 |    49 |    18 ||   116
Dodge: Dodged            |    90 |    96 |    36 ||   222

Table legend:
 A = Non-vault XP
 B = Vault XP
 C = Vault XP percentage of total XP
 D = Non-vault monster count
 E = Vault monster count
 F = Vault count percentage of total count
                 A         B        C        D         E       F
            +---------+---------+-------+---------+---------+-------
      Total |     389 |     562 |  59.1 |      78 |       8 |   9.3
            +---------+---------+-------+---------+---------+-------
        D:1 |      38 |       5 |  11.6 |      25 |       3 |  10.7
        D:2 |      59 |       5 |   7.8 |      18 |       2 |  10.0
        D:3 |      84 |      39 |  31.7 |      14 |       1 |   6.7
        D:4 |     185 |     227 |  55.1 |      13 |       1 |   7.1
        D:5 |      23 |     286 |  92.6 |       8 |       1 |  11.1
            +---------+---------+-------+---------+---------+-------
